 Dungeon Crawl Stone Soup version 0.27-a0-96-gb51a1d6fd6 (webtiles) character file.

Game seed: 8297642427099247918

304 knot the Chopper (level 6, 69/70 HPs)
             Began as a Demonspawn Berserker on Jan 19, 2021.
             Was a Believer of Trog.
             Quit the game on level 3 of the Dungeon.
             The game lasted 00:02:50 (2828 turns).

knot the Chopper (Demonspawn Berserker)             Turns: 2828, Time: 00:02:50

Health: 69/70      AC:  6    Str: 18    XL:     6   Next: 15%
Magic:  6/6        EV: 11    Int: 10    God:    Trog [**....]
Gold:   151        SH:  0    Dex: 12    Spells: 5/5 levels left

rFire    . . .     SeeInvis .   a - +1 hand axe
rCold    . . .     Faith    .   (no shield)
rNeg     . . .     Spirit   .   b - +0 ring mail
rPois    .         Reflect  .   (no helmet)
rElec    .         Harm     .   p - +0 cloak
rCorr    .         Rampage  .   (no gloves)
Will     ++...                  (no boots)
Stlth    ..........             (no amulet)
HPRegen  1.21/turn              (no ring)
MPRegen  0.10/turn              (no ring)

@: berserking (expiring), regenerating, very quick
A: miasma immunity, sturdy frame 1
a: Renounce Religion, Berserk, Trog's Hand


You were on level 3 of the Dungeon.
You worshipped Trog.
Trog was pleased with you.
You visited 1 branch of the dungeon, and saw 3 of its levels.

You collected 151 gold pieces.

Inventory:

Hand Weapons
 a - a +1 hand axe (weapon)
Missiles
 d - 11 poisoned darts
 e - 84 stones
 n - 51 sling bullets
Armour
 b - a +0 ring mail (worn)
 p - a +0 cloak (worn)
Scrolls
 c - 8 scrolls of identify
 g - 2 scrolls of amnesia {unknown}
 h - 2 scrolls of teleportation {unknown}
 i - 2 scrolls of fog {unknown}
 m - a scroll of remove curse
 o - a scroll of magic mapping {unknown}
 q - a scroll of enchant weapon
Potions
 f - 2 potions of attraction {unknown}
 j - a potion of magic {unknown}
 k - a potion of haste {unknown}
 l - 3 potions of curing {unknown}


   Skills:
 - Level 3.0 Fighting
 + Level 6.3 Axes
 - Level 1.7 Armour
 - Level 1.7 Dodging


You had 5 spell levels left.
You didn't know any spells.
Your spell library was empty.

Dungeon Overview and Level Annotations

Branches:
Dungeon (3/15)

Altars:
Cheibriados
Okawaru


Innate Abilities, Weirdness & Mutations

You are immune to miasma.
Your movements are slightly less encumbered by armour. (ER -2)


Message History

Grinder hits you but does no damage.
You closely miss Grinder.
Grinder is severely wounded.
Grinder misses you.
You hit Grinder.
Grinder is almost dead.
Grinder hits you but does no damage.
You closely miss Grinder.
Grinder is almost dead.
You slash Grinder!
You kill Grinder!
Trog accepts your kill.
Your Axes skill increases to level 6!
You have reached level 5!
You have reached level 6!
Your experience leads to an increase in your attributes!
Increase (S)trength, (I)ntelligence, or (D)exterity?
You feel clever.
Your demonic ancestry asserts itself...
You feel immune to miasma.
Are you sure you want to abandon this character and quit the game? (Confirm with "yes".)

#........#
#..._....##
#####....#
#.........##
##...# ♣♣
#..........# #...#
♣.. #....<.....#
#..## ♣..
#..........# #.###
#... #.........##
######...#
#..#####...#..>.##
........##
#...!....###.#.##
...>.####
##..@##### #.#.#
.....# #####
##.#.# ...###
#..#.#### ...#
#.......# ...#
##......# ####
#......# #......#
########


There were no monsters in sight!

Vanquished Creatures
  Grinder (D:3)
  5 adders
  2 worms (D:2)
  A dart slug (D:3)
  A leopard gecko (D:1)
  10 bats
  5 giant cockroaches
  4 goblins
  4 hobgoblins
  7 jackals (D:2)
  6 kobolds
  A quokka (D:2)
  7 frilled lizards
  8 rats
62 creatures vanquished.

Vanquished Creatures (others)
  9 plants (D:2)
9 creatures vanquished.

Grand Total: 71 creatures vanquished

Notes
Turn   | Place    | Note
-------+----------+-------------------------------------------
     0 | D:1      | knot the Demonspawn Berserker began the quest for the Orb.
     0 | D:1      | Reached XP level 1. HP: 18/18 MP: 1/1
   194 | D:1      | Reached skill level 3 in Axes
   284 | D:1      | Gained mutation: Your movements are slightly less
                  | encumbered by armour. (ER -2) [demonic ancestry]
   284 | D:1      | Reached XP level 2. HP: 22/24 MP: 2/2
   994 | D:2      | Reached XP level 3. HP: 29/29 MP: 3/3
  1110 | D:2      | Reached ** piety under Trog
  1111 | D:2      | Reached skill level 4 in Axes
  1138 | D:2      | Found an iron altar of Okawaru.
  1557 | D:2      | Reached XP level 4. HP: 35/35 MP: 4/4
  2531 | D:3      | Reached skill level 5 in Axes
  2785 | D:3      | Found a snail-covered altar of Cheibriados.
  2814 | D:3      | Noticed Grinder
  2827 | D:3      | Killed Grinder
  2828 | D:3      | Reached skill level 6 in Axes
  2828 | D:3      | Reached XP level 5. HP: 41/41 MP: 5/5
  2828 | D:3      | Gained mutation: You are immune to miasma. [demonic
                  | ancestry]
  2828 | D:3      | Reached XP level 6. HP: 47/47 MP: 6/6
  2828 | D:3      | Quit the game

Illustrated notes

Levels and vault maps discovered:
D:1:      lordsloth_arrival_two_stooges, layout_basic, st_stairs_8
D:2:      layout_basic, serial_bayou_pond_c, okawaru_gym_becter
D:3:      layout_rooms, cheibriados_altar_1, lightli_corner_chamber,
          uniq_crazy_yiuf_cottage, uniq_grinder

Skill      XL: |  1  2  3  4 |
---------------+-------------+-----
Axes           | 3 4 6 |  6.3
Fighting       | |  3.0
Armour         | |  1.7
Dodging        | |  1.7

Action                   |  1- 3 |  4- 6 || total
-------------------------+-------+-------++-------
Melee: Hand axe          |    95 |    85 ||   180
Invok: Berserk           |     5 |     1 ||     6
       Trog's Hand       |       |     1 ||     1
  Use: Scroll            |       |     3 ||     3
Armor: Animal skin       |     6 |       ||     6
       Chain mail        |    10 |       ||    10
       Ring mail         |    10 |    37 ||    47
Dodge: Dodged            |    64 |    48 ||   112

Table legend: (Time is in decaauts)
 A = Elapsed time spent in this place.
 B = Non-inter-level travel time spent in this place.
 C = Inter-level travel time spent in this place.
 D = Time resting spent in this place.
 E = Time spent auto-exploring this place.
 F = Levels seen in this place.
 G = Mean time per level.
                   A        B        C        D        E       F      G
               +--------+--------+--------+--------+--------+-----+--------+
         Total |   2894 |   2870 |     24 |   1092 |   1346 |   3 |  964.7 |
       Dungeon |   2894 |   2870 |     24 |   1092 |   1346 |   3 |  964.7 |
               +--------+--------+--------+--------+--------+-----+--------+

Top non-repeatable levels by time:
     D:2: 1325 daAuts
     D:1: 873 daAuts
     D:3: 696 daAuts
